 Dungeon Crawl Stone Soup version 0.20-a0-513-g02c11fc (webtiles) character file.

165 Leszczynek the Insei (level 5, 0/28 HPs)
             Began as a Kobold Wanderer on Jan 23, 2017.
             Killed by divine providence
             ... invoked by an orc priest
              (13 damage)
             ... on level 3 of the Dungeon.
             The game lasted 00:25:25 (5983 turns).

Leszczynek the Insei (Kobold Wanderer)              Turns: 5983, Time: 00:25:26

Health: 0/28       AC:  6    Str: 10 (11) XL:     5   Next: 74%
Magic:  8/8        EV: 11    Int: 15      God:
Gold:   190        SH:  4    Dex: 12      Spells: 3/8 levels left

rFire    . . .     SeeInvis .     - Unarmed
rCold    . . .     Gourm    .   g - +0 ring mail
rNeg     . . .     Faith    .   q - +0 buckler
rPois    .         Spirit   .   (no helmet)
rElec    .         Reflect  .   (no cloak)
rCorr    .         Harm     .   r - +0 pair of gloves
MR       .....                  (no boots)
Stlth    +.........             (no amulet)
Regen    0.1/turn               (no ring)
                                (no ring)

@: no status effects
A: carnivore 3
a: no special abilities


You were on level 3 of the Dungeon.
You were completely stuffed.

You visited 1 branch of the dungeon, and saw 4 of its levels.

You collected 190 gold pieces.

Inventory:

Hand Weapons
 e - a +0 dagger
 j - a +0 blowgun
 l - a +0 short sword
Missiles
 i - 47 arrows
 m - 76 stones (quivered)
 o - 6 tomahawks
 p - 34 poisoned needles
Armour
 d - a +0 robe
 g - a +0 ring mail (worn)
 q - a +0 buckler (worn)
 r - a +0 pair of gloves (worn)
Jewellery
 s - an uncursed ring of ice
Scrolls
 h - 3 scrolls of identify {unknown}
 k - 4 scrolls of remove curse {@r2}
 n - 2 scrolls of teleportation {unknown}
 u - a scroll of enchant armour {unknown}
 x - 2 scrolls of magic mapping
 y - a scroll of amnesia {unknown}
Potions
 t - a potion of curing {@q1}
 v - a potion of cancellation {unknown}
Books
 a - a book of Changes

   Spells                             Type                      Level
   a - Beastly Appendage              Transmutation                1
   b - Sticks to Snakes               Transmutation                2
   c - Spider Form                    Transmutation/Poison         3
   d - Ice Form                       Ice/Transmutation            4
   e - Blade Hands                    Transmutation                5
 b - Satoliqis's Tome of Translocation

   Spells                             Type                      Level
   a - Apportation                    Translocation                1
   b - Lesser Beckoning               Translocation                3
 c - the Guide on Evil

   Spells                             Type                      Level
   a - Corpse Rot                     Necromancy                   2
   b - Sublimation of Blood           Necromancy                   2
Comestibles
 f - a meat ration
 w - a royal jelly
 z - 4 chunks of flesh


   Skills:
 - Level 2.6 Stealth
 * Level 4.6 Unarmed Combat
 - Level 2.1 Spellcasting
   Level 1.0 Hexes
 - Level 3.0 Necromancy
 + Level 2.5 Transmutations


You had 3 spell levels left.
You knew the following spells:

 Your Spells              Type           Power        Failure   Level  Hunger
a - Beastly Appendage     Tmut           #.....       34%         1    #......
b - Sticks to Snakes      Tmut           #.......     54%         2    ###....
c - Corpse Rot            Necr           N/A          41%         2    ###....


Dungeon Overview and Level Annotations

Branches:
Dungeon (4/15)
 Temple: D:4-7

Altars:
The Shining One

Annotations:
D:3 orc priest, Terence


Innate Abilities, Weirdness & Mutations

You are small and have problems with some larger weapons.
You are carnivorous and can eat meat at any time.


Message History

You hit the orc but do no damage. You block the orc's attack.
The orc throws a tomahawk.
The tomahawk barely misses you. The orc hits you with a hand axe.
You see here a tomahawk.
You see here a tomahawk.
You hit the orc.
The orc is moderately wounded.
The orc misses you.
You barely miss the orc.
The orc is moderately wounded.
The orc hits you with a hand axe!
You closely miss the orc.
The orc is moderately wounded.
The orc hits you but does no damage.
You completely miss the orc.
The orc is moderately wounded.
The orc hits you with a hand axe.
The orc priest calls down the wrath of Beogh upon you.
Beogh smites you!
You die...

#.......## ##..#.#.#
.........####.....o.#
.......).'........###
.........####...#.#
#.......## ##.##.#
##.....## ####o#
##...## #o# ##'##
##.## #.# ##@..# #.#
#..#.# ##.## #....#
##...####### #.####
#..........# #.#
##...####..###.#
###..##.........#
....###.##..#####
##......##..#


You could see an orc priest and 2 orcs.

Vanquished Creatures
  Jessica (D:2)
  A bullfrog skeleton (D:4)
  2 adders (D:2)
  An ooze (D:3)
  3 worms
  A dart slug (D:3)
  3 leopard geckos
  2 orcs
  A ball python (D:2)
  6 bats
  A giant cockroach (D:1)
  9 goblins
  6 hobgoblins
  3 jackals (D:1)
  11 kobolds
  2 quokkas (D:2)
  14 frilled lizards
  9 rats
76 creatures vanquished.

Notes
Turn   | Place    | Note
-------+----------+-------------------------------------------
     0 | D:1      | Leszczynek the Kobold Wanderer began the quest for the Orb.
     0 | D:1      | Leszczynek set off with: a book of Changes, Satoliqis's Tome of Translocation, the Guide on Evil, a +0 robe, a +0 dagger, a meat ration
     0 | D:1      | Reached XP level 1. HP: 10/10 MP: 3/3
     0 | D:1      | stats 11/13/12 (+6/+4/+2)
     0 | D:1      | 6 str with books
     0 | D:1      | oh boy
     0 | D:1      | Identified Satoliqis's Tome of Translocation
     0 | D:1      | Identified the Guide on Evil
     0 | D:1      | and it's a transmuter start more or less
     0 | D:1      | with corpse rot
     0 | D:1      | oh boy
     0 | D:1      | dis gon b gud
     2 | D:1      | Learned a level 1 spell: Beastly Appendage
   401 | D:1      | riveting gameplay
   427 | D:1      | oh boy
   427 | D:1      | god bless energy randomization
   427 | D:1      | TIME TO RUN AROUND SOME MORE
   569 | D:1      | ok, round 2
   573 | D:1      | yes, second monster killed
   573 | D:1      | oh yeah
   653 | D:1      | Reached skill level 1 in Unarmed Combat
   817 | D:1      | Reached XP level 2. HP: 14/15 MP: 5/5
   973 | D:1      | Learned a level 2 spell: Sticks to Snakes
   973 | D:1      | so do i memorize spider form or corpse rot
   973 | D:1      | that's a question
  1125 | D:1      | maybe i'll wear this ring mail for now
  1209 | D:1      | Reached skill level 2 in Unarmed Combat
  1513 | D:1      | Reached XP level 3. HP: 9/19 MP: 6/6
  2106 | D:1      | so at what point is UC better than an untrained short sword again?
  2106 | D:1      | 3? 4?
  2110 | D:1      | probably 4
  2422 | D:1      | Reached skill level 3 in Unarmed Combat
  2763 | D:2      | Noticed Jessica
  2764 | D:2      | shieeet
  2764 | D:2      | well what now?
  2764 | D:2      | pray for tele or quaff?
  2764 | D:2      | she started with fucking haste too
  2852 | D:2      | Found a glowing golden altar of the Shining One.
  2890 | D:2      | Killed Jessica
  2890 | D:2      | Reached XP level 4. HP: 24/24 MP: 7/7
  2891 | D:2      | great
  2891 | D:2      | what a waste of consumables that was
  2891 | D:2      | at least i know curing, hw, ambrosia and haste now
  2891 | D:2      | hurrrr
  3072 | D:1      | deadly kobolds with deadly unbranded short swords
  3072 | D:1      | boy do i have fun
  3150 | D:1      | ZERO POINT ONE PER TURN
  3150 | D:1      | (rounded up)
  3276 | D:1      | oh shit
  3276 | D:1      | this kobold is wearing a ring mail
  3276 | D:1      | literally a mirror image
  3276 | D:1      | okay, time to regen again
  3276 | D:1      | riveting gameplay
  3371 | D:1      | round 3
  3378 | D:1      | ha!
  3944 | D:2      | Reached skill level 4 in Unarmed Combat
  4039 | D:2      | blowgun kobold, woo
  4528 | D:2      | You fall through a shaft for 2 floors!
  4529 | D:4      | noice
  4618 | D:4      | Reached XP level 5. HP: 21/28 MP: 8/8
  4733 | D:3      | ok, uc should be better than a short sword now, right?
  4736 | D:3      | Learned a level 2 spell: Corpse Rot
  4758 | D:3      | Noticed Terence
  4759 | D:3      | maybe later
  5122 | D:3      | time for some more PILLAR DANCING FAN FAVOURITE
  5250 | D:3      | all this running and i oneshot him
  5983 | D:3      | Killed from afar by an orc priest

Vault maps used:
D:1:      ncdulo_halloftheorcs, hangedman_decor_growths, minmay_misc_feat_roman,
          minmay_lizard_pond
D:2:      kb_forest_paths, tso_altar, uniq_jessica
D:3:      cheibriados_altar_1, uniq_terence
D:4:      first_bread

Skill      XL: |  1  2  3  4 |
---------------+-------------+-----
Unarmed Combat | 1 2 3 4 |  4.6
Stealth        | |  2.6
Spellcasting   | |  2.1
Hexes          | |  1.0
Necromancy     | |  3.0
Transmutations | |  2.5

Action                   |  1- 3 |  4- 6 || total
-------------------------+-------+-------++-------
Melee: Dagger            |    33 |       ||    33
       Short sword       |   181 |   143 ||   324
       Punch             |     1 |       ||     1
       Unarmed           |       |    96 ||    96
Throw: Stone             |    11 |     9 ||    20
       Tomahawk          |       |     1 ||     1
  Use: Potion            |     5 |       ||     5
       Scroll            |     2 |       ||     2
 Stab: Sleeping          |     2 |     1 ||     3
       Distracted        |     1 |       ||     1
  Eat: Chunk             |    14 |    11 ||    25
Armor: Robe              |    14 |       ||    14
       Ring mail         |    49 |    74 ||   123
Dodge: Dodged            |   127 |   117 ||   244
Block: Buckler           |     1 |    42 ||    43
